 Dungeon Crawl Stone Soup version 0.27-a0-460-g297a19dbdb (webtiles) character file.

Game seed: 1311224387530946776

0 Anon1729 the Skirmisher (level 1, -12/19 HPs)
             Began as a Ghoul Fighter on Feb 28, 2021.
             Mangled by a gnoll
             ... wielding a +0 halberd
              (15 damage)
             ... on level 1 of the Dungeon.
             The game lasted 00:00:08 (51 turns).

Anon1729 the Skirmisher (Ghoul Fighter)               Turns: 51, Time: 00:00:09

Health: -12/19     AC:  6    Str: 19    XL:     1   Next: 10%
Magic:  0/0        EV:  7    Int:  3    God:
Gold:   11         SH:  8    Dex:  8    Spells: 0/0 levels left

rFire    . . .     SeeInvis .   a - +0 war axe
rCold    + . .     Faith    .   c - +0 kite shield
rNeg     + + +     Spirit   .   b - +0 scale mail
rPois    ∞         Reflect  .   (no helmet)
rElec    .         Harm     .   (no cloak)
rCorr    .         Rampage  .   (no gloves)
Will     .....                  (no boots)
Stlth    ..........             (no amulet)
HPRegen  0.00/turn              (no ring)
MPRegen  0.07/turn              (no ring)

@: no status effects
A: claws 1, cold resistance 1, negative energy resistance 3, inhibited
regeneration, torment resistance, unbreathing
a: no special abilities


You were on level 1 of the Dungeon.
You visited 1 branch of the dungeon, and saw 1 of its levels.

You collected 11 gold pieces.

Inventory:

Hand Weapons
 a - a +0 war axe (weapon)
Armour
 b - a +0 scale mail (worn)
 c - a +0 kite shield (worn)
Potions
 d - a potion of might
 e - a potion of curing {unknown}
 f - a potion of heal wounds {unknown}


   Skills:
 + Level 3.3 Fighting
 * Level 1.7 Axes
 + Level 2.7 Armour
 + Level 2.7 Shields


You couldn't memorise any spells.
You didn't know any spells.
Your spell library was empty.

Dungeon Overview and Level Annotations

Branches:
Dungeon (1/15)

Altars:


Innate Abilities, Weirdness & Mutations

You thrive by killing the living.
You are immune to poison.
You have sharp fingernails.
Your flesh is cold resistant. (rC+)
You are immune to negative energy. (rN+++)
You do not regenerate when monsters are visible.
You are immune to unholy pain and torment.
You can survive without breathing.


Message History

A gnoll comes into view. It is wielding a +0 halberd.
The gnoll shouts!
A gnoll is nearby!
A gnoll is nearby!
No target in view!
No target in view!
No target in view!
No target in view!
A gnoll is nearby!
A giant cockroach comes into view.
The gnoll hits you with a +0 halberd.
You barely miss the gnoll. The gnoll closely misses you.
You closely miss the gnoll. The gnoll hits you with a +0 halberd!
Ouch! That really hurt!
* * * LOW HITPOINT WARNING * * *
The gnoll closely misses you.
You are too injured to fight recklessly!
You are too injured to fight recklessly!
You are too injured to fight recklessly!
You are too injured to fight recklessly!
You are too injured to fight recklessly!
You are too injured to fight recklessly!
You are too injured to fight recklessly!
You are too injured to fight recklessly!
You are too injured to fight recklessly!
You are too injured to fight recklessly!
You are too injured to fight recklessly!
You are too injured to fight recklessly!
You are too injured to fight recklessly!
You are too injured to fight recklessly!
You are too injured to fight recklessly!
You are too injured to fight recklessly!
You hit the gnoll.
The gnoll is lightly wounded.
You block the gnoll's attack.
You closely miss the gnoll.
The gnoll is lightly wounded.
You block the gnoll's attack. The gnoll hits you with a +0 halberd!
Ouch! That really hurt!
You die...

..# ###. ##.. ....
## #.. ... ..# ##.#
#
..##.#####..######.#
...................
.B............##
#g###......##..#
#@###...##'###'##
#..##...#...#...#
##..#####.>.#...#
##.....#...#...#
#####.#.>.#.<.#
#.#...#...#
#.#(>.#...#
#.#...#...#
#.##'###+##


You could see a gnoll and a giant cockroach.

Vanquished Creatures
  A rat (D:1)
1 creature vanquished.

Notes
Turn   | Place    | Note
-------+----------+-------------------------------------------
     0 | D:1      | Anon1729 the Ghoul Fighter began the quest for the Orb.
     0 | D:1      | Reached XP level 1. HP: 19/19 MP: 0/0
    51 | D:1      | Mangled by a gnoll

Illustrated notes

Levels and vault maps discovered:
D:1:      minmay_arrival_up_and_down, layout_rooms

Action                   || total
-------------------------++-------
Melee: War axe           ||     6
Armor: Scale mail        ||     1
Dodge: Dodged            ||     3
Block: Kite shield       ||     2

Table legend: (Time is in decaauts)
 A = Elapsed time spent in this place.
 B = Non-inter-level travel time spent in this place.
 C = Inter-level travel time spent in this place.
 D = Time resting spent in this place.
 E = Time spent auto-exploring this place.
 F = Levels seen in this place.
 G = Mean time per level.
                   A        B        C        D        E       F      G
               +--------+--------+--------+--------+--------+-----+--------+
         Total |     54 |     54 |      0 |      0 |     39 |   1 |   54.0 |
       Dungeon |     54 |     54 |      0 |      0 |     39 |   1 |   54.0 |
               +--------+--------+--------+--------+--------+-----+--------+

Top non-repeatable levels by time:
     D:1: 54 daAuts
